 Dungeon Crawl Stone Soup version 0.29.1-4-g47bece8355 (webtiles) character file.

Game seed: 14396194042582469690

280 raph the Conjurer (level 6, -3/39 (45) HPs)
             Began as a Draconian Conjurer on Dec 6, 2022.
             Was an Initiate of Sif Muna.
             Slain by Edmund
             ... wielding a +1 dire flail of draining
              (4 damage)
             ... on level 4 of the Dungeon.
             The game lasted 00:06:50 (5479 turns).

raph the Conjurer (Draconian Conjurer)              Turns: 5479, Time: 00:06:50

HP:   -3/39 (45)    AC:  6    Str: 10    XL:     6   Next: 5%
MP:   3/10          EV: 12    Int: 20    God:    Sif Muna [......]
Gold: 208           SH:  0    Dex:  9    Spells: 4/10 levels left

rFire   + . .      SeeInvis .   a - +3 short sword (venom)
rCold   . . .      Faith    .   (no shield)
rNeg    . . .      Spirit   .   (body armour unavailable)
rPois   .          Reflect  .   (helmet restricted)
rElec   .          Harm     .   (no cloak)
rCorr   .          Rampage  .   (no gloves)
Will    .....                   (no boots)
Stlth   ++........              (no amulet)
HPRegen 0.13/turn               d - ring of protection from fire
MPRegen 0.12/turn               (no ring)

@: heavily drained
A: AC +6, unfitting armour, cold-blooded
a: Renounce Religion


You were on level 4 of the Dungeon.
You worshipped Sif Muna.
Sif Muna was noncommittal.
You visited 2 branches of the dungeon, and saw 6 of its levels.

You collected 208 gold pieces.

Inventory:

Hand Weapons
 a - a +3 short sword of venom (weapon)
 g - a +0 dagger of venom
 m - a +2 dagger of holy wrath
 v - a +0 vampiric rapier
Missiles
 h - 5 curare-tipped darts
 k - 8 boomerangs
 l - 13 poisoned darts
Jewellery
 d - a ring of protection from fire (left hand)
Wands
 r - a wand of mindburst (13)
Scrolls
 j - 2 scrolls of teleportation
 u - a scroll of identify
Potions
 b - 3 potions of curing
 c - a potion of flight {unknown}
 e - 2 potions of attraction
 f - 2 potions of ambrosia {unknown}
 i - a potion of magic
 n - a potion of lignification {unknown}
 o - 2 potions of mutation {unknown}
 p - a potion of resistance {unknown}
 q - a potion of invisibility {unknown}
 s - a potion of degeneration {unknown}
 t - a potion of heal wounds {unknown}


   Skills:
 - Level 1.7 Dodging
 - Level 1.7 Stealth
 + Level 2.6 Spellcasting
 * Level 6.7 Conjurations
 + Level 1.9 Invocations


You had 4 spell levels left.
You knew the following spells:

 Your Spells              Type           Power      Damage    Failure   Level
a - Magic Dart            Conj           100%       1d8       1%          1
b - Searing Ray           Conj           58%        2d6       1%          2
c - Dazzling Flash        Conj/Hex       32%        N/A       11%         3

Your spell library contained the following spells:

 Spells                   Type           Power      Damage    Failure   Level
 Fulminant Prism          Conj/Hex       8%         3d7       36%         4
 Iskenderun's Mystic Bla  Conj/Tloc      16%        2d5       36%         4
 Tukima's Dance           Hex            2%         N/A       41%         3
 Passage of Golubria      Tloc           2%         N/A       82%         4
 Fireball                 Conj/Fire      8%         3d6       71%         5
 Yara's Violent Unravell  Hex/Tmut       1%         3d3       99%         5
 Starburst                Conj/Fire      8%         6d4       99%         6
 Ignition                 Fire           1%         3d3       100%        8


Dungeon Overview and Level Annotations

Branches:
Dungeon (5/15)             Temple (1/1) D:4

Altars:
Cheibriados
Dithmenos
Elyvilon
Gozag
Hepliaklqana
Nemelex Xobeh
Okawaru
Ru
Sif Muna
Uskayaw
Wu Jian
Zin
The Shining One

Shops:
D:1 (

Annotations:
D:3 1 runed translucent door, Garym's ghost, amateur MiFi
D:4 Edmund


Innate Abilities, Weirdness & Mutations

Your plain brown scales are hard. (AC +6)
You cannot fit into any form of body armour.
You are cold-blooded and may be slowed by cold attacks.


Message History

You finish channelling your searing ray.
The howler monkey hits you. Edmund barely misses you.
Casting: Searing Ray (safe; 1% risk of failure)
Confirm with . or Enter, or press ? or * to list all spells.
Casting: Dazzling Flash (dangerous; 11% risk of failure)
Press: ? - help, Dir - look around, f - activate Edmund is dazzled.
The howler monkey is dazzled.
The howler monkey misses you. Edmund closely misses you.
The howler monkey hits you but does no damage.
Edmund closely misses you. A mysterious force pulls you upwards.
The hatch slams shut behind you.
You hit Edmund but do no damage.
Edmund is heavily wounded.
The howler monkey hits you. Edmund barely misses you.
The howler monkey hoots and howls with incredible vigour!
You closely miss the howler monkey. Edmund misses you.
The howler monkey hits you.
Edmund is no longer blind.
You hit Edmund.
Edmund is poisoned.
You punch Edmund, but do no damage.
Edmund is severely wounded.
The howler monkey hits you.
Edmund hits you with a +1 dire flail of draining!
* * * LOW HITPOINT WARNING * * *
You feel drained.
* * * LOW HITPOINT WARNING * * *
The howler monkey hits you but does no damage.
Edmund attacks as you move away!
Edmund hits you with a +1 dire flail of draining.
* * * LOW HITPOINT WARNING * * *
You feel drained.
* * * LOW HITPOINT WARNING * * *
The howler monkey is no longer blind.
Okay, then.
Okay, then.
Aiming: Mindburst
Press: ? - help, Shift-Dir - straight line, f - howler monkey
Aim: a howler monkey (chance to affect: 72%) Edmund struggles to resist.
Edmund hits you with a +1 dire flail of draining.
You die...

##...<.........# #...#.....#....#
##.............###...............
...............##......###.......
##....>.....#.....#.#...#...###.#
........#####........>..#....##.#
######.## #..>###......)....##.#
## ##.#####.................##.#
.# #........#.#.............##.#
.####..##...##.#@##...........#..
..........###..@..............###
...............h###.....†.....###
............##.## ####.#.####.##.
.[........####.# #.#..###.#..
.........## #.# #.##........
.).......# #.# #.###.......
.....#...# #.# #.###.......
.#.....#######.# ####......#####


You could see Edmund (very poisoned) and a howler monkey.

Vanquished Creatures
  2 scorpions (D:5)
  A hound (D:4)
  An iguana (D:4)
  4 adders
  2 dart slugs
  6 orcs
  A bat (D:1)
  8 endoplasms
  3 giant cockroaches
  4 goblins
  4 hobgoblins
  3 jackals (D:2)
  3 quokkas
  5 ball pythons
  5 frilled lizards
  12 kobolds
  3 rats
67 creatures vanquished.

Vanquished Creatures (others)
  3 fungi (D:3)
  9 plants (D:3)
12 creatures vanquished.

Grand Total: 79 creatures vanquished

Notes
Turn   | Place    | Note
-------+----------+-------------------------------------------
     0 | D:1      | raph the Draconian Conjurer began the quest for the Orb.
     0 | D:1      | Reached XP level 1. HP: 14/14 MP: 3/3
   379 | D:1      | Reached XP level 2. HP: 20/20 MP: 3/5
   430 | D:1      | Learned a level 2 spell: Searing Ray
   633 | D:1      | Found Nextaum's Weapon Shop.
  2069 | D:2      | Reached skill level 5 in Conjurations
  2143 | D:2      | Reached XP level 3. HP: 26/26 MP: 3/6
  2467 | D:3      | Found an ornate altar of the Wu Jian Council.
  3134 | D:3      | Learned a level 3 spell: Dazzling Flash
  3184 | D:3      | Found a runed translucent door.
  3186 | D:3      | Noticed Garym's ghost (amateur MiFi)
  3239 | D:3      | Found a faded altar of an unknown god.
  3440 | D:3      | Reached XP level 4. HP: 33/33 MP: 3/7
  4247 | D:4      | Found a sacrificial altar of Ru.
  4315 | D:4      | Reached skill level 6 in Conjurations
  4315 | D:4      | Found a staircase to the Ecumenical Temple.
  4385 | Temple   | Entered the Ecumenical Temple
  4449 | Temple   | Became a worshipper of Sif Muna the Loreminder
  4887 | D:4      | Reached XP level 5. HP: 38/38 MP: 3/8
  4972 | D:4      | Found a glowing golden altar of the Shining One.
  5045 | D:5      | Entered Level 5 of the Dungeon
  5052 | D:5      | Reached skill level 1 in Invocations
  5213 | D:5      | Reached XP level 6. HP: 37/45 MP: 3/9
  5455 | D:5      | Noticed Edmund
  5478 | D:4      | HP: 2/41 [Edmund/+1 dire flail of draining (4)]
  5479 | D:4      | Slain by Edmund

Illustrated notes

Levels and vault maps discovered:
D:1:      dpeg_arrival_fog, layout_basic, serial_shops,
          nicolae_shop_advertising_works [nicolae_subvault_shop_adworks],
          minivault_11, kennysheep_small_spiral, minivault_24
D:2:      layout_basic
D:3:      minmay_skewed_foursquare, layout_loops_ring,
          mainiacjoe_overflow_alcove_2, shapermc_ecumenical_altar_petra,
          ebering_ghost_reflecting_pool, amcnicky_mini_rare_corridor_liquid,
          lexackson_kobold_supper
D:4:      layout_rooms, general_overflow_altar, overflow_temple_1_default,
          minmay_temple_entry_tees, hangedman_feature_mirror
D:5:      minmay_diamond_boxcup, layout_basic, uniq_prince_ribbit1, uniq_edmund,
          uniq_ijyb
Temple:   cyrus_temple_forest

Skill      XL: |  1  2  3  4  5 |
---------------+----------------+-----
Conjurations   | 5 6 |  6.7
Invocations    | 1 |  1.9
Dodging        | |  1.7
Stealth        | |  1.7
Spellcasting   | |  2.6

Action                   |  1- 3 |  4- 6 || total
-------------------------+-------+-------++-------
Melee: Unarmed           |     6 |       ||     6
       Tailslap          |     2 |     1 ||     3
       Short sword       |    16 |    15 ||    31
       Punch             |       |     1 ||     1
 Cast: Magic Dart        |    18 |     7 ||    25
       Searing Ray       |    25 |    12 ||    37
       Dazzling Flash    |       |     1 ||     1
Evoke: Wand              |       |     1 ||     1
  Use: Scroll            |     9 |     2 ||    11
 Stab: Sleeping          |     1 |       ||     1
Armor: Skin              |     8 |    10 ||    18
Dodge: Dodged            |    23 |    12 ||    35
